Map: Babylon LE

Players

SLicKcHeeZEE

  • Race: Zerg Zerg
  • League: Bronze
  • Spawn Location: 5:00

A.I. 1 (Elite) - Winner!

  • Race: Terran Terran
  • Spawn Location: 11:00

VOD

Have the link to the VOD?

Description

Time

  • Played on: Sept. 26, 2026, 3:55 p.m.
  • Length: 15:13
Show
View Real Time Build Order
Export as new Build Order

SLicKcHeeZEE Zerg 

Build Orders: Hatch First, Roach Hydra 

Get SALT Encoding   

  8  0:00  Drone  
  9  0:11  Drone  
  10  0:16  Drone  
  11  0:28  Overlord  
  11  0:34  Drone  
  12  0:46  Drone x2  
  14  0:51  Drone  
  15  1:15  Hatchery  
  15  1:17  Drone  
  15  1:20  Drone  
  15  1:25  Drone  
  17  1:40  Spawning Pool  
  17  1:43  Drone  
  17  1:48  Extractor, Drone  
  17  1:52  Drone  
  18  2:00  Drone  
  19  2:10  Overlord  
  19  2:26  Queen  
  19  2:28  Queen  
  23  2:31  Zergling x2  
  23  2:33  Drone  
  25  2:37  Drone  
  25  2:41  Drone  
  28  2:44  Drone  
  28  2:50  Metabolic Boost  
  28  2:54  Extractor  
  27  2:59  Overlord  
  27  3:09  Roach Warren  
  26  3:13  Drone  
  26  3:14  Drone  
  28  3:25  Lair  
  28  3:28  Drone  
  28  3:31  Drone  
  30  3:37  Overlord  
  30  3:50  Roach x2  
  30  3:51  Roach  
  30  3:54  Roach  
  38  4:06  Queen  
  40  4:10  Drone x2  
  40  4:13  Drone  
  40  4:14  Drone  
  44  4:18  Drone  
  45  4:27  Hydralisk Den  
  45  4:29  Glial Reconstitution  
  44  4:34  Overlord  
  44  4:38  Extractor, Drone  
  43  4:40  Drone  
  43  4:41  Drone  
  46  4:56  Hydralisk x2  
  46  4:57  Hydralisk  
  52  5:01  Hydralisk  
  52  5:04  Overlord  
  54  5:18  Drone x2  
  56  5:23  Drone  
  56  5:24  Drone  
  56  5:27  Drone  
  59  5:28  Grooved Spines  
  59  5:36  Evolution Chamber  
  59  5:38  Evolution Chamber  
  59  5:39  Baneling Nest  
  59  5:40  Drone x2  
  59  5:41  Drone  
  59  5:43  Drone  
  60  5:53  Overlord  
  60  5:55  Zergling x2  
  60  5:56  Zergling x6  
  64  6:05  Zerg Missile Weapons Level 1  
  64  6:07  Zerg Ground Armor Level 1  
  64  6:19  Muscular Augments  
  64  6:24  Hatchery  
  62  6:27  Overlord  
  62  6:40  Baneling x5  
  62  6:41  Baneling x3  
  62  6:44  Queen  
  64  6:48  Roach x4  
  64  6:53  Hydralisk  
  74  6:56  Hydralisk  
  74  6:59  Hydralisk  
  78  7:03  Hydralisk  
  80  7:31  Overlord  
  80  7:32  Overlord  
  80  7:45  Zergling x8  
  84  7:58  Roach x4, Hydralisk x4  
  92  8:01  Overlord x2  
  100  8:10  Zerg Missile Weapons Level 2  
  100  8:11  Zerg Ground Armor Level 2  
  100  8:30  Zergling x4  
  100  8:31  Zergling x10  
  100  8:32  Zergling x2  
  108  8:44  Overlord x2  
  108  9:25  Hydralisk  
  108  9:26  Hydralisk x6  
  108  9:27  Hydralisk  
  86  10:27  Queen  
  88  10:33  Hydralisk x5  
  88  10:35  Roach x5  
  108  10:36  Roach x2  
  108  10:37  Roach  
  108  10:38  Hydralisk x6  
  108  10:39  Hydralisk  
  108  10:42  Roach  
  130  10:44  Overlord  
  130  10:46  Overlord  
  130  11:24  Roach x4  
  130  11:25  Roach x5  
  110  11:51  Roach x2, Hydralisk x6  
  78  11:58  Drone  
  78  11:59  Drone x2  
  78  12:00  Extractor  
  80  12:05  Zergling x8  
  80  12:06  Zergling x8  
  88  12:27  Hydralisk x6  
  100  12:55  Baneling x5  
  100  12:56  Baneling x7  
  100  12:57  Baneling  
  100  12:59  Extractor, Baneling  
  99  13:05  Baneling  
  99  13:07  Baneling  
  99  13:12  Overlord x2  
Show
View Real Time Build Order
Export as new Build Order

A.I. 1 (Elite) Terran - Winner!

Build Orders: Mech 

Get SALT Encoding   

  8  0:00  SCV  
  9  0:13  SCV  
  10  0:25  SCV  
  11  0:37  SCV  
  12  0:46  Supply Depot  
  12  0:49  SCV  
  13  0:58  Refinery  
  13  1:08  SCV  
  14  1:18  Barracks  
  14  1:20  SCV  
  15  1:32  SCV  
  16  1:44  Supply Depot, SCV  
  17  1:56  SCV  
  18  2:08  Marine, SCV  
  20  2:09  Factory  
  20  2:20  SCV  
  21  2:24  Barracks  
  21  2:29  Marine  
  22  2:32  SCV  
  23  2:44  Supply Depot, SCV  
  23  2:49  Marine  
  25  2:56  SCV  
  26  3:17  Command Center  
  26  3:21  Orbital Command  
  26  3:27  Refinery  
  26  3:28  Marine  
  26  3:32  Marine  
  28  3:46  SCV  
  29  3:56  Marine  
  29  3:58  Factory  
  29  4:00  SCV  
  31  4:05  Marine  
  32  4:12  SCV  
  32  4:14  Factory Tech Lab  
  33  4:25  SCV  
  33  4:28  SCV  
  35  4:37  SCV  
  36  4:39  Siege Tank  
  36  4:40  SCV  
  36  4:42  Factory Tech Lab  
  40  4:49  SCV  
  40  4:52  SCV  
  42  4:56  Supply Depot  
  42  5:00  Siege Tank  
  42  5:01  SCV  
  42  5:03  Marine  
  42  5:04  SCV  
  48  5:11  Hellion  
  50  5:16  Refinery  
  50  5:17  Orbital Command  
  50  5:18  SCV  
  50  5:21  Supply Depot  
  51  5:28  Barracks Tech Lab  
  51  5:30  SCV  
  51  5:32  Siege Tank  
  51  5:33  Hellion  
  57  5:42  SCV  
  58  5:43  SCV  
  58  5:46  Supply Depot  
  58  5:54  Siege Tank, SCV  
  58  5:55  SCV  
  63  5:59  Refinery  
  63  6:04  Armory  
  63  6:05  Hellion  
  63  6:06  SCV  
  63  6:07  SCV  
  67  6:12  Supply Depot  
  66  6:18  SCV  
  66  6:22  SCV  
  68  6:26  Hellion, Armory  
  68  6:30  SCV  
  71  6:34  SCV, Siege Tank  
  71  6:37  Supply Depot  
  75  6:40  Factory  
  75  6:42  SCV  
  75  6:45  Command Center  
  75  6:46  SCV  
  77  6:52  Terran Vehicle Weapons Level 1  
  77  6:55  SCV, Siege Tank  
  77  6:58  SCV  
  82  7:04  Supply Depot  
  82  7:06  Infernal Pre-Igniter  
  82  7:07  Hellion, SCV  
  85  7:10  SCV  
  85  7:13  Terran Vehicle And Ship Armor Level 1  
  85  7:14  Marine  
  85  7:15  Marine  
  88  7:19  SCV  
  89  7:23  SCV  
  89  7:24  Engineering Bay  
  89  7:27  Hellion  
  89  7:28  Supply Depot  
  92  7:31  SCV  
  92  7:33  Marauder  
  92  7:35  SCV  
  95  7:49  Cyclone x2, Marine  
  95  7:50  Hellion  
  104  7:52  Missile Turret, Supply Depot  
  104  7:53  Missile Turret  
  104  7:54  Terran Infantry Weapons Level 1  
  104  7:55  Marauder  
  104  7:58  SCV  
  107  7:59  SCV  
  107  8:00  SCV  
  109  8:10  SCV  
  109  8:11  Engineering Bay  
  110  8:13  SCV  
  110  8:14  SCV  
  110  8:16  Marauder  
  114  8:20  Supply Depot  
  114  8:22  SCV  
  114  8:25  SCV  
  114  8:26  SCV  
  117  8:34  Missile Turret, SCV  
  117  8:36  Missile Turret  
  117  8:37  Terran Infantry Armor Level 1, SCV, Marauder  
  117  8:38  Hellion  
  117  8:39  SCV  
  124  8:44  Marine  
  124  8:45  Supply Depot  
  124  8:46  Stimpack, SCV  
  126  8:49  SCV  
  126  8:51  Orbital Command  
  127  8:58  Widow Mine, SCV  
  127  9:01  Widow Mine, SCV  
  127  9:02  Widow Mine  
  135  9:09  Supply Depot  
  135  9:11  SCV, Terran Vehicle Weapons Level 2  
  135  9:12  Missile Turret  
  135  9:14  Starport  
  136  9:19  Widow Mine  
  138  9:30  Barracks  
  138  9:31  Command Center, Barracks Reactor  
  138  9:33  Supply Depot  
  138  9:35  Missile Turret  
  138  9:43  Marauder  
  140  9:50  Starport Tech Lab  
  140  9:55  Hellion x2  
  140  9:57  Missile Turret  
  140  9:58  Hellion  
  140  9:59  Supply Depot  
  124  10:04  Missile Turret, Marine  
  124  10:06  Marine  
  116  10:07  Marine  
  116  10:08  Medivac  
  116  10:09  Starport  
  107  10:16  Hellion, Siege Tank, Marine  
  107  10:19  Siege Tank  
  113  10:23  Marauder  
  113  10:24  Marine  
  113  10:25  Marine  
  117  10:29  Refinery  
  117  10:33  Missile Turret  
  117  10:34  Marine  
  118  10:38  Hellion, Medivac, Barracks  
  118  10:42  Marine  
  123  10:43  Marine  
  123  10:44  Marauder, Hi-Sec Auto Tracking, Terran Infantry Weapons Level 2  
  123  10:45  Medivac  
  123  10:48  Siege Tank  
  131  10:50  Refinery  
  131  10:51  Cyclone  
  131  10:52  Marine, Planetary Fortress  
  131  10:53  Refinery  
  131  10:57  Missile Turret  
  135  10:59  Hellion, Missile Turret  
  135  11:02  Marine  
  135  11:03  Marine  
  139  11:05  Marauder  
  139  11:06  Combat Shield  
  141  11:11  Barracks Tech Lab  
  141  11:14  Raven  
  141  11:16  Refinery  
  143  11:19  SCV  
  143  11:20  Marine, Hellion, Cyclone  
  143  11:23  Siege Tank  
  143  11:24  Command Center  
  152  11:34  Marine x3  
  152  11:35  Marine, SCV x2  
  152  11:38  Marine  
  152  11:39  SCV  
  151  11:42  Supply Depot  
  125  11:47  SCV  
  125  11:50  SCV  
  125  11:52  Marine x2, Hellion  
  125  11:53  Siege Tank, Marauder x2  
  128  11:55  SCV  
  128  11:56  Siege Tank  
  128  11:57  SCV  
  132  12:02  Marine  
  133  12:08  Terran Vehicle Weapons Level 3  
  133  12:12  Marine  
  133  12:13  Marine, Hellion  
  133  12:14  Marauder  
  133  12:15  Marine  
  140  12:20  Marine, Medivac  
  143  12:23  Medivac  
  143  12:25  Cyclone  
  148  12:30  Marine  
  148  12:31  Marine  
  148  12:33  Marauder  
  148  12:35  Marine, Missile Turret  
  153  12:41  Planetary Fortress  
  153  12:45  Missile Turret  
  153  12:46  Marine  
  153  12:47  Missile Turret  
  153  12:48  Marine  
  153  12:50  Marine  
  156  12:52  Starport Reactor  
  156  12:53  Medivac, Neosteel Armor, Marauder  
  156  12:54  Concussive Shells  
  156  12:56  Marauder  
  162  13:10  Missile Turret  
  162  13:15  Marauder  
  162  13:17  Barracks  
  162  13:18  Marauder  
  162  13:19  Ghost Academy, Barracks Tech Lab  
  166  13:22  Marine  
  166  13:23  Command Center, Viking  
  169  13:28  Medivac x2  
  169  13:32  Marine  
  174  13:36  Marauder  
  174  13:38  Marine  
  174  13:39  Marauder  
  174  13:41  Marine  
  173  13:50  Marine  
  173  13:53  Raven  
  157  13:57  Ghost, Marauder  
  157  13:58  Viking, Medivac, Marine  
  157  14:00  Marauder  
  168  14:04  Marine  
  168  14:08  Marine  
  170  14:11  Missile Turret  
  170  14:13  Missile Turret  
  170  14:16  Marine  
  171  14:18  Marauder  
  171  14:21  Ghost  
  171  14:22  Marine  
  171  14:23  Refinery  
  176  14:26  Marine, Marauder  
  176  14:27  Medivac, Liberator  
  176  14:28  Viking  
  186  14:34  Marine  
  186  14:35  Refinery  
  186  14:37  Planetary Fortress, Missile Turret  
  187  14:39  Ghost, Marine  
  187  14:43  Marine  
  190  14:47  Marauder  
  190  14:48  Missile Turret, Command Center  
  190  14:51  Missile Turret  
  190  14:52  Marine  
Tags
 
Composition
MechRoach Hydra
League
Bronze
Matchup
TvZ
Spawn Locations
Cross Positions
Add a new tag
Caveats
  • Supply blocks, unpowered buildings, or Contaminate may cause inaccurate times.
  • Supply counts are checked every 10 seconds.